 Dungeon Crawl Stone Soup version 0.30.1-9-gdf580d7c3d (webtiles) character file.

Game seed: 6850976910121168006

6967 bearlyready the Brawler (level 10, -8/88 HPs)
             Began as a Troll Hunter on Oct 12, 2023.
             Killed by vampiric draining
             ... invoked by a vampire
              (17 damage)
             ... on level 9 of the Dungeon on Oct 13, 2023.
             The game lasted 00:15:46 (8141 turns).

bearlyready the Brawler (Troll Hunter)              Turns: 8141, Time: 00:15:47

Health: -8/88      AC: 10    Str: 24 (25) XL:     10   Next: 81%
Magic:  9/9        EV:  9    Int:  4 (5)  God:
Gold:   440        SH:  0    Dex: 11      Spells: 9/9 levels left

rFire   . .          .
                       - Unarmed
rCold   . . .        (no shield)
rNeg    . . .        O - +0 swamp dragon scales
rPois   +            (helmet restricted)
rElec   .            g - +0 cloak
rCorr   .            (gloves unavailable)
SInv    .            (boots unavailable)
Will    +....        (no amulet)
Stlth   +            f - ring of willpower
HPRegen 1.14/turn    (no ring)
MPRegen 0.11/turn

%: no passive effects
@: no status effects
A: large, unfitting armour, claws 3, regeneration 1, shaggy fur 1, tough skin 1,
clumsy 1, deterioration 1, wild magic 1
a: no special abilities


You were on level 9 of the Dungeon.
You visited 1 branch of the dungeon, and saw 9 of its levels.
You also visited: Sewer and Ossuary.

You collected 479 gold pieces.
You spent 39 gold pieces at shops.

Inventory:

Hand Weapons
 a - a +0 shortbow
Missiles
 l - a throwing net
 p - 3 curare-tipped darts
 q - 18 poisoned darts (quivered)
 u - a boomerang of dispersal
 P - 5 large rocks
Armour
 c - +0 steam dragon scales
 g - a +0 cloak (worn)
 L - a scarf of resistance
 O - +0 swamp dragon scales (worn)
 Q - a +2 kite shield
Jewellery
 f - a ring of willpower (left claw)
 v - a ring of ice
 G - a ring of wizardry
Wands
 H - a wand of flame (12)
 N - a wand of mindburst (10)
Scrolls
 b - a scroll of immolation
 e - 3 scrolls of vulnerability
 h - 2 scrolls of teleportation
 i - a scroll of enchant weapon
 t - 3 scrolls of fog
 y - a scroll of silence
 A - a scroll of acquirement {unknown}
 B - a scroll of butterflies {unknown}
 D - 7 scrolls of identify
 E - 2 scrolls of poison {unknown}
 F - a scroll of magic mapping {unknown}
 I - a scroll of blinking {unknown}
 J - a scroll of amnesia
Potions
 d - 5 potions of mutation
 j - 4 potions of haste
 k - 5 potions of curing
 m - 2 potions of resistance {unknown}
 n - a potion of cancellation
 o - 4 potions of heal wounds {unknown}
 r - 4 potions of invisibility
 s - 2 potions of magic {unknown}
 w - a potion of berserk rage {unknown}
 x - a potion of attraction {unknown}
 z - 9 potions of degeneration
 C - 2 potions of might {unknown}
 K - a potion of brilliance {unknown}
 M - a potion of lignification


   Skills:
 + Level 2.4 Fighting
 - Level 2.6 Ranged Weapons
 + Level 1.7 Throwing
 - Level 1.5 Dodging
 - Level 0.3 Stealth
 + Level 15.9 Unarmed Combat


You had 9 spell levels left.
You didn't know any spells.
Your spell library contained the following spells:

 Spells                   Type           Power      Damage    Failure   Level
 Frozen Ramparts          Ice            0%         1d1       97%         3
 Vhi's Electric Charge    Tloc/Air       0%         N/A       97%         3
 Ice Form                 Ice/Tmut       0%         N/A       100%        4
 Summon Ice Beast         Ice/Summ       0%         N/A       100%        4
 Arcjolt                  Conj/Air       0%         1d10      100%        5
 Plasma Beam              Fire/Air       0%         2x1d11    100%        6


Dungeon Overview and Level Annotations

Branches:
Dungeon (9/15)             Temple (0/1) D:7           Sewer (visited)
Ossuary (visited)
   Lair: D:8-11         Orc: D:9-12

Altars:
Gozag
Makhleb
Nemelex Xobeh
Qazlal
Sif Muna
Uskayaw
Vehumet
The Shining One

Shops:
D:7 *

Annotations:
D:5 1 runed translucent door, turdburglar's ghost, novice HOMo
D:7 2 transporters, mkat's ghost, novice FoNe


Innate Abilities, Weirdness & Mutations

You are too large for most types of armour.
You have claws for hands.
Your natural rate of healing is unusually fast.
You are covered in fur. (AC +1)
You have tough skin. (AC +1)
You are clumsy. (Dex -2)
Your body sometimes deteriorates upon taking damage.
Your spells are a little harder to cast, but a little more powerful.


Message History

Okay, then.
A vampire comes into view.
There is a stone staircase leading up here.
You start resting.
A vampire is nearby!
The vampire casts a spell.
The vampire flickers and vanishes!
Deactivating autopickup; reactivate with Ctrl-A.
You barely miss something. Your claw misses something. Something hits you.
Something bites you but does no damage.
You closely miss something. Your claw misses something. You mangle something!!
Your claw misses something. Something completely misses you.
Something bites you!
Something draws strength from your injuries!
You barely miss something. Your claw misses something. Something hits you!
Something bites you.
Something draws strength from your injuries!
You barely miss something. You miss something. Something hits you.
Something bites you.
Something draws strength from your injuries!
You miss something. Something hits you but does no damage. Something bites you!
Something draws strength from your injuries!
You closely miss something. You scratch something but do no damage.
Something hits you!
* * * LOW HITPOINT WARNING * * *
Something bites you but does no damage.
You closely miss something. Something hits you!
* * * LOW HITPOINT WARNING * * *
Something bites you!
* * * LOW HITPOINT WARNING * * *
Something draws strength from your injuries!
Aiming: Mindburst
Press: ? - help, Shift-Dir - straight line Something's mind is blasted!!
Something hits you.
* * * LOW HITPOINT WARNING * * *
Something bites you but does no damage.
Aiming: Mindburst
Press: ? - help, Shift-Dir - straight line Nothing appears to happen.
Something draws life force from you!
You die...

##.#
#####..#
#.....##
#.....#
#....##
#....####..
#..........
#...{#####.
#...@#
#....#
#...<#
#....#
######


There were no monsters in sight!

Vanquished Creatures
  A two-headed ogre (D:8)
  2 rust devils (D:7)
  Maggie (D:7)
  A troll (D:8)
  A hornet (D:8)
  Grinder (D:4)
  Sigmund (D:6)
  A wyvern (D:7)
  2 steam dragons (D:8)
  Edmund (D:6)
  A black bear (D:6)
  3 orc warriors
  4 ice beasts
  4 sky beasts
  An ogre (D:6)
  2 centaurs
  4 kobold brigands
  A gnoll sergeant (D:8)
  A bullfrog (D:6)
  5 scorpions
  3 wights (D:9)
  19 killer bees
  A howler monkey (D:7)
  A crimson imp (D:5)
  3 human zombies (Ossuary)
  4 orc priests
  4 hounds
  A jelly (D:6)
  A gnoll bouda (D:5)
  3 hell rats (D:7)
  4 iguanas
  A sleepcap (D:7)
  2 orc wizards
  6 mummies (Ossuary)
  10 adders
  7 gnolls
  3 river rats (D:7)
  2 white imps (D:7)
  3 worms
  4 dart slugs
  31 orcs
  11 ball pythons
  12 bats
  11 endoplasms
  2 giant cockroaches
  A gnoll zombie (Ossuary)
  3 hobgoblins
  32 kobolds
  15 quokkas
  2 frilled lizards
  4 goblins (D:2)
  2 goblin zombies (Ossuary)
  A kobold zombie (Ossuary)
  An orc zombie (Ossuary)
  24 rats
272 creatures vanquished.

Notes
Turn   | Place    | Note
-------+----------+-------------------------------------------
     0 | D:1      | bearlyready the Troll Hunter began the quest for the Orb.
     0 | D:1      | Reached XP level 1. HP: 19/19 MP: 0/0
    68 | D:1      | Reached skill level 1 in Unarmed Combat
   115 | D:1      | Found a faded altar of an unknown god.
   124 | D:1      | Reached XP level 2. HP: 25/27 MP: 1/1
   156 | D:1      | Reached skill level 2 in Unarmed Combat
   858 | D:2      | Reached XP level 3. HP: 20/33 MP: 2/2
   894 | D:2      | Reached skill level 3 in Unarmed Combat
  1071 | D:2      | Reached XP level 4. HP: 41/41 MP: 3/3
  1239 | D:3      | Found an opulent altar of Gozag.
  1314 | D:3      | Found a glowing drain.
  1335 | Sewer    | Entered a sewer
  1416 | Sewer    | Noticed a kobold brigand
  1427 | Sewer    | Killed a kobold brigand
  1428 | Sewer    | Reached skill level 4 in Unarmed Combat
  1428 | Sewer    | Reached XP level 5. HP: 15/48 MP: 4/4
  1432 | Sewer    | Gained mutation: You are clumsy. (Dex -2) [potion of
                  | mutation]
  1432 | Sewer    | Gained mutation: Your spells are a little harder to cast,
                  | but a little more powerful. [potion of mutation]
  1432 | Sewer    | Gained mutation: Your body sometimes deteriorates upon
                  | taking damage. [potion of mutation]
  1607 | Sewer    | Reached skill level 5 in Unarmed Combat
  2002 | D:3      | Found a glowing golden altar of the Shining One.
  2005 | D:3      | Found a sparkling altar of Nemelex Xobeh.
  2258 | D:3      | Found a stormy altar of Qazlal.
  2439 | D:4      | Noticed Grinder
  2458 | D:4      | Killed Grinder
  2459 | D:4      | Reached skill level 6 in Unarmed Combat
  2459 | D:4      | Reached XP level 6. HP: 53/55 MP: 5/5
  2522 | D:4      | Reached skill level 7 in Unarmed Combat
  2524 | D:4      | Reached XP level 7. HP: 52/62 MP: 6/6
  2778 | D:4      | Reached skill level 8 in Unarmed Combat
  3283 | D:5      | Entered Level 5 of the Dungeon
  3442 | D:5      | Reached skill level 9 in Unarmed Combat
  3511 | D:5      | Reached XP level 8. HP: 60/70 MP: 7/7
  3647 | D:5      | Identified the +6 scale mail of Ilox {-Tele rPois Will+++
                  | rCorr}
  3996 | D:5      | Reached skill level 10 in Unarmed Combat
  4048 | D:5      | Found a runed translucent door.
  4048 | D:5      | Noticed turdburglar's ghost (novice HOMo)
  4266 | D:5      | Found a burning altar of Makhleb.
  4266 | D:5      | Found a radiant altar of Vehumet.
  4472 | D:6      | Found a sand-covered staircase.
  4561 | Ossuary  | Entered an ossuary
  4835 | D:6      | Reached skill level 11 in Unarmed Combat
  5198 | D:6      | Found a shimmering blue altar of Sif Muna.
  5208 | D:6      | Reached XP level 9. HP: 62/76 MP: 8/8
  5290 | D:6      | Reached skill level 12 in Unarmed Combat
  5291 | D:6      | Noticed Edmund
  5306 | D:6      | Killed Edmund
  5335 | D:6      | Noticed Sigmund
  5339 | D:6      | Killed Sigmund
  5786 | D:6      | Noticed a rust devil
  5786 | D:6      | Noticed a rust devil
  5838 | D:7      | Found a hide-covered altar of Uskayaw.
  5908 | D:7      | Reached skill level 13 in Unarmed Combat
  6029 | D:7      | Noticed a moth of wrath
  6035 | D:7      | Found a transporter.
  6046 | D:7      | Noticed mkat's ghost (novice FoNe)
  6177 | D:7      | Noticed Maggie
  6307 | D:7      | Found a transporter.
  6316 | D:7      | Found Qerygi's General Store.
  6321 | D:7      | Bought a potion of lignification for 39 gold pieces
  6366 | D:7      | Found a staircase to the Ecumenical Temple.
  6550 | D:7      | Killed Maggie
  6554 | D:7      | Reached skill level 14 in Unarmed Combat
  6718 | D:8      | Reached XP level 10. HP: 64/85 MP: 9/9
  6738 | D:8      | Noticed a two-headed ogre
  6754 | D:8      | Killed a two-headed ogre
  7002 | D:8      | Paralysed by a hornet for 2 turns
  7170 | D:8      | Reached skill level 15 in Unarmed Combat
  7848 | D:7      | Killed a rust devil
  7907 | D:7      | Killed a rust devil
  8061 | D:9      | Reached skill level 1 in Throwing
  8141 | D:9      | Killed from afar by a vampire

Illustrated notes

Levels and vault maps discovered:
D:1:      psy_arrival_whirlpool, layout_basic, chequers_ecumenical_altar_island
D:2:      layout_rooms
D:3:      layout_basic, mainiacjoe_overflow_alcove_2,
          chequers_temple_overflow_statue_of_worship,
          nicolae_gozag_seed_capital, cheibrodos_sewer_entry_bend
D:4:      layout_basic, uniq_grinder
D:5:      layout_basic, grunt_temple_overflow_lords_of_destruction,
          gammafunk_ghost_grave, guppyfry_early_lair_pool
D:6:      cheibrodos_iron_armory, layout_basic, mainiacjoe_overflow_alcove_4,
          enter_ossuary_1, sigmund_edmund_badplayer
D:7:      lemuel_ratsnest, layout_rooms, nicolae_uskayaw_dance_hall,
          minmay_temple_entry_crystal_x, serial_shops, shop_fountains,
          gammafunk_ghost_berserking_beasts, minmay_diced_spiral, uniq_maggie
D:8:      layout_basic, patterned_corridor
D:9:      layout_rooms, mainiacjoe_overflow_alcove_1, minivault_16, uniq_amaemon

Skill      XL: |  1  2  3  4  5  6  7  8  9 10 |
---------------+-------------------------------+-----
Unarmed Combat | 1 2 3 4 6 7 9 11 14 15 | 15.9
Fighting       | 2 |  2.4
Throwing       | 1 |  1.7
Ranged Weapons | |  2.6
Dodging        | |  1.5
Stealth        | |  0.3

Action                     |  1- 3 |  4- 6 |  7- 9 | 10-12 || total
---------------------------+-------+-------+-------+-------++-------
  Melee: Unarmed           |    84 |   132 |   407 |   162 ||   785
         Punch             |       |     6 |    16 |     7 ||    29
   Fire: Shortbow          |     1 |       |       |       ||     1
  Throw: Dart              |       |       |     9 |     5 ||    14
         Throwing net      |       |       |     1 |       ||     1
  Evoke: Wand              |       |       |       |     2 ||     2
    Use: Scroll            |       |     4 |     6 |       ||    10
         Potion            |       |     3 |     2 |       ||     5
   Stab: Sleeping          |     1 |       |     3 |       ||     4
 Armour: Robe              |    29 |    57 |    89 |       ||   175
         Swamp dragon scal |       |       |     6 |    66 ||    72
  Dodge: Dodged            |    40 |    83 |   128 |    74 ||   325
